[ AOE2 MATCH · #472775280 ]
UnrankedTeutons vs Bohemians
[ REPLAY ANALYSIS · EXTRACTED FROM THE RECORDED GAME ]
Feudal
11:20
Castle
19:17
Imperial
33:41
| APM avg | 10.4 |
| APM peak | 25 |
| eAPM avg | 9.3 |
| Villagers / military | 79 / 198 |
Focus
⚔️ 28.6% · 🌾 71.4%
Knight ×137 · Teutonic Knight ×61
Feudal
14:12
Castle
17:49
Imperial
39:42
| APM avg | 17.3 |
| APM peak | 78 |
| eAPM avg | 12.6 |
| Villagers / military | 116 / 79 |
Focus
⚔️ 19.9% · 🌾 80.1%
Scorpion ×54 · Ballista Elephant ×23 · Monk ×2
Feudal
11:39
Castle
17:06
Imperial
48:04
| APM avg | 17.2 |
| APM peak | 49 |
| eAPM avg | 12.3 |
| Villagers / military | 120 / 145 |
Focus
⚔️ 28.1% · 🌾 71.9%
Hand Cannoneer ×68 · Skirmisher ×50 · Militia ×17 · Trade Cart ×7 · Monk ×6 · Mangonel ×2
Feudal
12:07
Castle
19:24
Imperial
30:10
| APM avg | 28.9 |
| APM peak | 103 |
| eAPM avg | 21.9 |
| Villagers / military | 207 / 335 |
Focus
⚔️ 40.5% · 🌾 59.5%
Knight ×160 · Spearman ×155 · Bombard Cannon ×8 · Trade Cart ×7 · Battering Ram ×6 · Mangonel ×3
Feudal
12:25
Castle
16:23
Imperial
33:57
| APM avg | 20.7 |
| APM peak | 70 |
| eAPM avg | 13.0 |
| Villagers / military | 131 / 208 |
Focus
⚔️ 20.4% · 🌾 79.6%
Centurion ×159 · Scorpion ×32 · Trade Cart ×25 · Trebuchet (Packed) ×8 · Monk ×6 · Mangonel ×2
Feudal
11:09
Castle
35:02
Imperial
45:35
| APM avg | 23.6 |
| APM peak | 55 |
| eAPM avg | 16.3 |
| Villagers / military | 129 / 226 |
Focus
⚔️ 18.7% · 🌾 81.3%
Spearman ×90 · Battering Ram ×81 · Scout Cavalry ×55
Feudal
14:10
Castle
22:23
Imperial
51:17
| APM avg | 11.2 |
| APM peak | 32 |
| eAPM avg | 9.3 |
| Villagers / military | 146 / 7 |
Focus
⚔️ 13.5% · 🌾 86.5%
Spearman ×6 · Mangonel ×1
Feudal
11:54
Castle
15:45
Imperial
28:38
| APM avg | 26.4 |
| APM peak | 62 |
| eAPM avg | 14.6 |
| Villagers / military | 130 / 250 |
Focus
⚔️ 29.3% · 🌾 70.7%
Knight ×105 · Obuch ×80 · Scout Cavalry ×40 · Scorpion ×13 · Trebuchet (Packed) ×10 · Monk ×2
Match map
Initial resources + every placement click. Lines = walls · curves = elevation contours. ◆ gold · ⬟ stone · ● berries · ✦ relic · ◌ wall gap
Inputs per minute
— 渊海溯汀流 - - Manquito al ataque
Build order — 渊海溯汀流
First 150 of 292 actions detected
| 0:03 | Build | House |
| 0:05 | Build | House |
| 0:07 | Build | House |
| 0:10 | Research | Loom |
| 0:10 | Create | Villager (Male) |
| 0:11 | Create | Villager (Male) |
| 0:11 | Create | Villager (Male) |
| 0:11 | Create | Villager (Male) |
| 0:12 | Create | Villager (Male) |
| 2:25 | Create | Villager (Male) |
| 2:44 | Build | Lumber Camp |
| 2:53 | Create | Villager (Male) |
| 3:16 | Create | Villager (Male) |
| 3:48 | Create | Villager (Male) |
| 4:13 | Create | Villager (Male) |
| 4:17 | Build | Mill |
| 4:41 | Create | Villager (Male) |
| 5:06 | Create | Villager (Male) |
| 5:34 | Create | Villager (Male) |
| 5:39 | Build | House |
| 5:45 | Build | House |
| 5:56 | Create | Villager (Male) |
| 6:25 | Create | Villager (Male) |
| 6:49 | Create | Villager (Male) |
| 7:18 | Create | Villager (Male) |
| 7:42 | Create | Villager (Male) |
| 8:10 | Create | Villager (Male) |
| 8:38 | Create | Villager (Male) |
| 9:10 | Research | Feudal Age |
| 9:21 | Build | Mining Camp |
| 10:26 | Build | Barracks |
| 11:20 | Age | Feudal Age |
| 11:23 | Create | Villager (Male) |
| 11:44 | Build | Market |
| 11:47 | Create | Villager (Male) |
| 11:50 | Build | Farm |
| 12:13 | Create | Villager (Male) |
| 12:15 | Build | Farm |
| 12:39 | Create | Villager (Male) |
| 12:41 | Build | Farm |
| 12:50 | Build | House |
| 12:55 | Build | House |
| 13:04 | Create | Villager (Male) |
| 13:06 | Build | Farm |
| 13:31 | Create | Villager (Male) |
| 13:33 | Build | Farm |
| 13:56 | Create | Villager (Male) |
| 13:58 | Build | Farm |
| 14:20 | Create | Villager (Male) |
| 14:23 | Build | Farm |
| 14:38 | Build | Mining Camp |
| 14:46 | Create | Villager (Male) |
| 14:48 | Build | Farm |
| 15:12 | Create | Villager (Male) |
| 15:13 | Build | Farm |
| 15:42 | Build | Mill |
| 15:48 | Build | Farm |
| 15:49 | Create | Villager (Male) |
| 16:08 | Build | Blacksmith |
| 16:37 | Research | Castle Age |
| 17:26 | Research | Scale Mail Armor |
| 18:17 | Research | Arson |
| 19:17 | Age | Castle Age |
| 19:20 | Build | Castle |
| 19:24 | Create | Villager (Male) |
| 19:50 | Create | Villager (Male) |
| 20:14 | Create | Villager (Male) |
| 20:40 | Create | Villager (Male) |
| 20:47 | Build | House |
| 21:16 | Create | Villager (Male) |
| 21:26 | Create | Teutonic Knight |
| 21:33 | Research | Forging |
| 21:37 | Research | Squires |
| 21:40 | Create | Villager (Male) |
| 21:42 | Create | Teutonic Knight |
| 22:01 | Create | Teutonic Knight |
| 22:26 | Build | Farm |
| 22:27 | Create | Villager (Male) |
| 22:33 | Create | Teutonic Knight |
| 22:34 | Create | Teutonic Knight |
| 22:38 | Create | Teutonic Knight |
| 22:58 | Build | Farm |
| 22:58 | Create | Villager (Male) |
| 23:26 | Create | Teutonic Knight |
| 23:31 | Build | Farm |
| 23:41 | Create | Villager (Male) |
| 24:10 | Create | Villager (Male) |
| 24:12 | Build | Farm |
| 24:36 | Create | Teutonic Knight |
| 24:56 | Create | Villager (Male) |
| 25:04 | Build | Town Center |
| 25:26 | Create | Teutonic Knight |
| 25:37 | Create | Villager (Male) |
| 25:44 | Create | Teutonic Knight |
| 26:48 | Create | Teutonic Knight |
| 26:49 | Create | Teutonic Knight |
| 27:01 | Create | Teutonic Knight |
| 27:03 | Create | Teutonic Knight |
| 27:03 | Create | Teutonic Knight |
| 27:13 | Research | Chain Mail Armor |
| 27:19 | Build | Blacksmith |
| 27:21 | Create | Villager (Male) |
| 27:23 | Create | Villager (Male) |
| 28:00 | Research | Iron Casting |
| 28:01 | Create | Villager (Male) |
| 28:20 | Create | Teutonic Knight |
| 28:20 | Create | Teutonic Knight |
| 28:21 | Create | Villager (Male) |
| 28:27 | Build | Farm |
| 28:31 | Create | Villager (Male) |
| 28:56 | Build | Farm |
| 29:38 | Create | Villager (Male) |
| 29:40 | Create | Villager (Male) |
| 30:23 | Build | Farm |
| 30:31 | Research | Imperial Age |
| 30:33 | Create | Villager (Male) |
| 30:46 | Create | Teutonic Knight |
| 30:47 | Create | Teutonic Knight |
| 30:47 | Create | Teutonic Knight |
| 30:47 | Create | Teutonic Knight |
| 31:20 | Build | Farm |
| 31:21 | Create | Villager (Male) |
| 32:07 | Build | Farm |
| 32:08 | Create | Villager (Male) |
| 32:42 | Build | Farm |
| 32:45 | Research | Pikeman (upgrade) |
| 32:51 | Build | Barracks |
| 32:52 | Build | Barracks |
| 33:14 | Create | Villager (Male) |
| 33:20 | Create | Teutonic Knight |
| 33:20 | Create | Teutonic Knight |
| 33:30 | Create | Villager (Male) |
| 33:41 | Age | Imperial Age |
| 33:42 | Build | Town Center |
| 33:47 | Build | Farm |
| 34:05 | Research | Plate Mail Armor |
| 34:17 | Create | Teutonic Knight |
| 34:33 | Build | Farm |
| 34:42 | Research | Blast Furnace |
| 34:45 | Create | Villager (Male) |
| 34:49 | Create | Villager (Male) |
| 35:47 | Build | Farm |
| 35:50 | Create | Villager (Male) |
| 35:52 | Create | Villager (Male) |
| 35:54 | Build | Farm |
| 35:57 | Create | Teutonic Knight |
| 36:21 | Build | Farm |
| 36:23 | Create | Villager (Male) |
| 36:28 | Build | Farm |
| 36:40 | Research | Elite Teutonic Knight (upgrade) |
Build order — Manquito al ataque
First 150 of 319 actions detected
| 0:02 | Create | Villager (Male) |
| 0:02 | Create | Villager (Male) |
| 0:02 | Create | Villager (Male) |
| 0:03 | Create | Villager (Male) |
| 0:03 | Create | Villager (Male) |
| 0:04 | Build | House |
| 0:06 | Build | House |
| 0:45 | Research | Loom |
| 0:45 | Create | Villager (Male) |
| 0:46 | Create | Villager (Male) |
| 0:46 | Create | Villager (Male) |
| 0:57 | Build | Palisade Wall |
| 1:48 | Build | Palisade Wall |
| 2:01 | Build | Palisade Wall |
| 2:05 | Build | Palisade Wall |
| 2:08 | Create | Villager (Male) |
| 2:09 | Create | Villager (Male) |
| 2:22 | Build | Palisade Wall |
| 2:24 | Build | Palisade Wall |
| 2:30 | Build | Palisade Wall |
| 2:47 | Build | Palisade Wall |
| 2:52 | Create | Villager (Male) |
| 2:52 | Create | Villager (Male) |
| 2:58 | Build | Palisade Wall |
| 3:02 | Build | Palisade Wall |
| 3:05 | Build | Palisade Wall |
| 3:06 | Build | Palisade Wall |
| 3:15 | Build | Palisade Wall |
| 3:20 | Build | Palisade Wall |
| 3:22 | Build | Palisade Wall |
| 3:31 | Create | Villager (Male) |
| 3:32 | Create | Villager (Male) |
| 3:32 | Create | Villager (Male) |
| 4:13 | Create | Villager (Male) |
| 4:13 | Create | Villager (Male) |
| 4:55 | Create | Villager (Male) |
| 4:55 | Create | Villager (Male) |
| 5:11 | Build | Lumber Camp |
| 5:17 | Build | Palisade Wall |
| 5:33 | Build | Palisade Wall |
| 5:39 | Create | Villager (Male) |
| 5:39 | Create | Villager (Male) |
| 5:52 | Build | House |
| 6:03 | Create | Villager (Male) |
| 6:04 | Create | Villager (Male) |
| 6:50 | Build | Palisade Wall |
| 6:59 | Create | Villager (Male) |
| 6:59 | Create | Villager (Male) |
| 7:28 | Build | Palisade Wall |
| 7:40 | Build | Mill |
| 7:51 | Build | House |
| 8:36 | Create | Villager (Male) |
| 8:36 | Create | Villager (Male) |
| 8:37 | Create | Villager (Male) |
| 9:19 | Create | Villager (Male) |
| 9:19 | Create | Villager (Male) |
| 9:34 | Build | House |
| 9:47 | Create | Villager (Male) |
| 9:47 | Create | Villager (Male) |
| 10:24 | Build | House |
| 10:45 | Create | Villager (Male) |
| 10:46 | Create | Villager (Male) |
| 10:51 | Build | Mill |
| 11:03 | Build | Mining Camp |
| 12:02 | Research | Feudal Age |
| 13:45 | Build | Farm |
| 13:51 | Build | Farm |
| 13:57 | Build | Farm |
| 14:12 | Age | Feudal Age |
| 14:15 | Create | Villager (Male) |
| 14:16 | Create | Villager (Male) |
| 14:49 | Build | Stone Wall |
| 14:52 | Build | Stone Wall |
| 14:56 | Build | Stone Wall |
| 15:09 | Research | Castle Age |
| 15:18 | Build | Mining Camp |
| 15:24 | Research | Double-Bit Axe |
| 16:14 | Build | Outpost |
| 16:49 | Build | Stone Wall |
| 16:56 | Research | Horse Collar |
| 17:49 | Age | Castle Age |
| 17:54 | Research | Wheelbarrow |
| 18:15 | Create | Villager (Male) |
| 18:24 | Build | Farm |
| 19:19 | Research | Town Watch |
| 19:38 | Build | Castle |
| 20:02 | Create | Villager (Male) |
| 20:02 | Create | Villager (Male) |
| 20:10 | Research | Town Patrol |
| 20:36 | Create | Villager (Male) |
| 21:02 | Build | Market |
| 21:07 | Create | Ballista Elephant |
| 21:10 | Create | Villager (Male) |
| 21:28 | Create | Ballista Elephant |
| 21:43 | Create | Ballista Elephant |
| 21:47 | Build | Farm |
| 21:48 | Build | Farm |
| 21:51 | Create | Ballista Elephant |
| 22:09 | Build | Farm |
| 22:18 | Create | Ballista Elephant |
| 22:37 | Build | Blacksmith |
| 22:48 | Create | Villager (Male) |
| 22:49 | Create | Villager (Male) |
| 23:30 | Create | Villager (Male) |
| 23:30 | Create | Villager (Male) |
| 23:36 | Build | Farm |
| 23:43 | Create | Ballista Elephant |
| 23:53 | Research | Fletching |
| 24:06 | Build | Monastery |
| 24:06 | Create | Villager (Male) |
| 24:07 | Create | Villager (Male) |
| 24:15 | Build | Farm |
| 24:26 | Build | Farm |
| 25:05 | Research | Bodkin Arrow |
| 25:05 | Research | Bodkin Arrow |
| 25:35 | Create | Ballista Elephant |
| 25:38 | Build | Farm |
| 26:30 | Create | Ballista Elephant |
| 26:30 | Create | Ballista Elephant |
| 26:56 | Build | Castle |
| 27:19 | Build | House |
| 27:25 | Build | House |
| 27:32 | Create | Ballista Elephant |
| 27:33 | Create | Villager (Male) |
| 27:33 | Create | Villager (Male) |
| 27:55 | Create | Villager (Male) |
| 27:55 | Create | Villager (Male) |
| 28:09 | Build | Mining Camp |
| 28:21 | Create | Ballista Elephant ×2 |
| 28:47 | Build | Stone Wall |
| 29:15 | Create | Ballista Elephant |
| 29:15 | Create | Ballista Elephant |
| 29:36 | Create | Villager (Male) |
| 29:36 | Create | Villager (Male) |
| 30:05 | Build | Stone Wall |
| 30:06 | Create | Villager (Male) |
| 30:07 | Create | Villager (Male) |
| 30:22 | Create | Villager (Male) |
| 30:22 | Create | Villager (Male) |
| 30:56 | Create | Villager (Male) |
| 30:57 | Create | Villager (Male) |
| 30:57 | Create | Villager (Male) |
| 31:27 | Create | Ballista Elephant |
| 31:28 | Create | Ballista Elephant |
| 31:54 | Create | Ballista Elephant |
| 31:54 | Create | Ballista Elephant |
| 32:19 | Create | Villager (Male) |
| 32:19 | Create | Villager (Male) |
| 32:19 | Create | Villager (Male) |
| 32:59 | Create | Villager (Male) |
Build order — Siki
First 150 of 353 actions detected
| 0:02 | Create | Villager (Male) |
| 0:02 | Research | Loom |
| 0:04 | Build | House |
| 0:17 | Create | Villager (Male) ×3 |
| 0:47 | Build | Palisade Wall |
| 0:52 | Build | House |
| 0:59 | Build | Palisade Wall |
| 1:56 | Build | Lumber Camp |
| 2:03 | Create | Villager (Male) |
| 2:44 | Create | Villager (Male) |
| 3:18 | Create | Villager (Male) |
| 3:47 | Create | Villager (Male) |
| 3:53 | Build | House |
| 3:54 | Build | House |
| 4:30 | Create | Villager (Male) |
| 4:38 | Build | House |
| 4:55 | Create | Villager (Male) |
| 5:14 | Create | Villager (Male) |
| 5:20 | Create | Villager (Male) |
| 6:05 | Create | Villager (Male) |
| 6:13 | Create | Villager (Male) |
| 6:51 | Create | Villager (Male) |
| 6:52 | Create | Villager (Male) |
| 7:06 | Build | Mill |
| 7:35 | Create | Villager (Male) |
| 8:21 | Create | Villager (Male) |
| 9:24 | Build | Mining Camp |
| 9:29 | Research | Feudal Age |
| 10:44 | Build | Mill |
| 11:28 | Create | Villager (Male) |
| 11:28 | Create | Villager (Male) |
| 11:29 | Create | Villager (Male) |
| 11:31 | Create | Villager (Male) |
| 11:34 | Create | Villager (Male) |
| 11:39 | Age | Feudal Age |
| 11:44 | Build | Blacksmith |
| 11:51 | Build | Market |
| 14:26 | Research | Castle Age |
| 14:35 | Build | Mining Camp |
| 15:00 | Research | Double-Bit Axe |
| 15:15 | Build | House |
| 15:25 | Build | Stone Wall |
| 15:30 | Build | Building 487 |
| 16:13 | Research | Horse Collar |
| 16:28 | Create | Villager (Male) |
| 16:29 | Create | Villager (Male) |
| 16:31 | Create | Villager (Male) |
| 17:06 | Age | Castle Age |
| 17:10 | Build | Town Center |
| 17:20 | Create | Villager (Male) |
| 17:33 | Build | Monastery |
| 17:39 | Build | Outpost |
| 17:45 | Build | Outpost |
| 18:22 | Create | Villager (Male) |
| 18:31 | Build | Farm |
| 18:33 | Build | Farm |
| 18:37 | Build | Farm |
| 18:43 | Build | Farm |
| 18:48 | Build | Farm |
| 19:05 | Create | Villager (Male) |
| 19:06 | Create | Villager (Male) |
| 19:20 | Build | Farm |
| 19:21 | Build | Farm |
| 19:41 | Build | University |
| 19:52 | Build | University |
| 20:00 | Create | Villager (Male) |
| 20:00 | Create | Villager (Male) |
| 20:06 | Build | Farm |
| 20:09 | Build | Farm |
| 20:12 | Build | Farm |
| 20:16 | Research | Fervor |
| 20:17 | Create | Monk |
| 20:24 | Create | Villager (Male) |
| 20:26 | Create | Villager (Male) |
| 20:35 | Build | House |
| 20:36 | Build | House |
| 20:37 | Build | House |
| 20:39 | Build | House |
| 20:51 | Build | Farm |
| 20:54 | Build | Farm |
| 21:13 | Build | Stone Wall |
| 21:18 | Build | Building 487 |
| 21:24 | Create | Villager (Male) |
| 21:24 | Create | Villager (Male) |
| 21:33 | Build | Castle |
| 21:39 | Create | Villager (Male) |
| 21:40 | Create | Villager (Male) |
| 21:45 | Build | Farm |
| 21:45 | Build | Farm |
| 21:46 | Build | Farm |
| 22:22 | Research | Town Watch |
| 22:23 | Create | Villager (Male) |
| 22:23 | Create | Villager (Male) |
| 22:24 | Create | Villager (Male) |
| 22:26 | Create | Villager (Male) |
| 22:34 | Build | Farm |
| 22:34 | Build | Farm |
| 22:35 | Build | Farm |
| 22:37 | Build | Farm |
| 22:54 | Create | Villager (Male) |
| 22:56 | Create | Villager (Male) |
| 22:56 | Create | Villager (Male) |
| 23:06 | Create | Monk |
| 23:23 | Create | Villager (Male) |
| 23:23 | Create | Villager (Male) |
| 23:38 | Build | Town Center |
| 23:51 | Research | Fortified Wall (upgrade) |
| 24:14 | Build | Stone Wall |
| 24:27 | Build | Siege Workshop |
| 24:55 | Create | Mangonel |
| 26:07 | Create | Mangonel |
| 26:52 | Create | Villager (Male) ×5 |
| 27:06 | Build | Stone Wall |
| 27:09 | Build | Building 487 |
| 27:46 | Create | Villager (Male) ×5 |
| 27:58 | Research | Chemistry |
| 28:40 | Create | Villager (Male) |
| 28:42 | Create | Villager (Male) ×3 |
| 28:57 | Build | Lumber Camp |
| 29:51 | Build | Building 487 |
| 30:56 | Build | House |
| 30:57 | Build | House |
| 30:58 | Build | House |
| 30:59 | Build | House |
| 31:00 | Build | House |
| 31:02 | Build | House |
| 31:03 | Build | House |
| 31:04 | Build | House |
| 31:19 | Build | Barracks |
| 31:21 | Build | Barracks |
| 31:24 | Research | Scale Mail Armor |
| 31:27 | Research | Forging |
| 31:34 | Build | Farm |
| 31:34 | Build | Farm |
| 31:35 | Build | Farm |
| 31:35 | Build | Farm |
| 31:36 | Build | Farm |
| 31:37 | Build | Farm |
| 31:38 | Build | Farm |
| 31:39 | Build | Farm |
| 31:40 | Build | Farm |
| 32:17 | Build | Castle |
| 32:29 | Research | Man-at-Arms (upgrade) |
| 32:31 | Create | Militia |
| 32:35 | Create | Militia |
| 32:52 | Create | Monk |
| 33:03 | Build | Building 487 |
| 33:17 | Create | Militia |
| 33:40 | Create | Militia |
| 34:00 | Build | Building 487 |
Build order — 韓國瑜
First 150 of 735 actions detected
| 0:07 | Build | House |
| 0:12 | Build | House |
| 0:15 | Create | Villager (Male) |
| 0:16 | Create | Villager (Male) |
| 0:16 | Create | Villager (Male) |
| 0:16 | Create | Villager (Male) |
| 0:16 | Create | Villager (Male) |
| 0:17 | Create | Villager (Male) |
| 1:40 | Create | Villager (Male) |
| 1:41 | Create | Villager (Male) |
| 1:41 | Create | Villager (Male) |
| 2:00 | Create | Villager (Male) |
| 2:01 | Create | Villager (Male) |
| 2:40 | Create | Villager (Male) |
| 2:40 | Create | Villager (Male) |
| 3:16 | Create | Villager (Male) |
| 3:16 | Create | Villager (Male) |
| 3:17 | Create | Villager (Male) |
| 3:17 | Create | Villager (Male) |
| 4:00 | Create | Villager (Male) |
| 4:00 | Create | Villager (Male) |
| 4:00 | Create | Villager (Male) |
| 4:01 | Create | Villager (Male) |
| 4:01 | Create | Villager (Male) |
| 4:13 | Build | House |
| 4:37 | Create | Villager (Male) |
| 4:50 | Build | Lumber Camp |
| 5:11 | Create | Villager (Male) |
| 5:12 | Create | Villager (Male) |
| 5:12 | Create | Villager (Male) |
| 5:12 | Create | Villager (Male) |
| 5:12 | Create | Villager (Male) |
| 6:00 | Build | House |
| 6:06 | Build | Mill |
| 6:29 | Create | Villager (Male) |
| 6:48 | Build | Farm |
| 6:54 | Create | Villager (Male) |
| 6:54 | Create | Villager (Male) |
| 7:17 | Build | Farm |
| 7:25 | Create | Villager (Male) |
| 7:25 | Create | Villager (Male) |
| 7:39 | Build | Farm |
| 7:47 | Build | Farm |
| 8:06 | Build | House |
| 8:08 | Create | Villager (Male) |
| 8:26 | Create | Villager (Male) |
| 8:48 | Build | Mining Camp |
| 9:01 | Create | Villager (Male) |
| 9:11 | Create | Villager (Male) |
| 9:35 | Research | Feudal Age |
| 10:07 | Build | Mill |
| 10:16 | Build | House |
| 10:45 | Build | Mining Camp |
| 11:46 | Create | Villager (Male) |
| 11:47 | Create | Villager (Male) |
| 12:07 | Age | Feudal Age |
| 12:24 | Build | Blacksmith |
| 12:29 | Research | Double-Bit Axe |
| 12:59 | Create | Villager (Male) |
| 12:59 | Create | Villager (Male) |
| 13:19 | Build | Market |
| 13:47 | Create | Villager (Male) |
| 13:47 | Create | Villager (Male) |
| 14:01 | Build | House |
| 14:18 | Create | Villager (Male) |
| 14:51 | Create | Villager (Male) |
| 14:53 | Research | Gold Mining |
| 14:56 | Research | Stone Mining |
| 15:09 | Build | Farm |
| 15:14 | Create | Villager (Male) |
| 15:21 | Build | Farm |
| 15:28 | Build | Farm |
| 15:35 | Build | Farm |
| 15:38 | Create | Villager (Male) |
| 15:59 | Build | Farm |
| 16:05 | Create | Villager (Male) |
| 16:21 | Research | Castle Age |
| 16:27 | Build | House |
| 17:01 | Build | Barracks |
| 17:14 | Build | Mining Camp |
| 17:24 | Create | Villager (Male) |
| 17:25 | Create | Villager (Male) |
| 17:51 | Build | House |
| 18:15 | Create | Trade Cart |
| 18:24 | Build | House |
| 18:47 | Build | Farm |
| 18:50 | Build | Farm |
| 19:08 | Build | House |
| 19:24 | Age | Castle Age |
| 19:28 | Research | Bow Saw |
| 19:46 | Build | Castle |
| 19:55 | Research | Gold Shaft Mining |
| 20:02 | Create | Villager (Male) |
| 20:02 | Create | Villager (Male) |
| 20:47 | Build | Town Center |
| 20:53 | Create | Villager (Male) |
| 20:53 | Create | Villager (Male) |
| 21:20 | Create | Villager (Male) |
| 21:38 | Build | Monastery |
| 21:41 | Create | Villager (Male) |
| 22:08 | Build | Town Center |
| 22:26 | Create | Villager (Male) |
| 22:26 | Create | Villager (Male) |
| 22:43 | Create | Monk |
| 22:47 | Create | Villager (Male) |
| 22:55 | Create | Trade Cart |
| 23:39 | Create | Villager (Male) |
| 23:40 | Create | Villager (Male) |
| 23:50 | Build | Town Center |
| 24:08 | Build | Farm |
| 24:12 | Create | Villager (Male) |
| 24:12 | Create | Villager (Male) |
| 24:19 | Build | Farm |
| 24:22 | Create | Villager (Male) |
| 24:26 | Build | Lumber Camp |
| 24:41 | Build | Stable |
| 24:44 | Create | Villager (Male) |
| 24:44 | Create | Villager (Male) |
| 24:59 | Build | Castle |
| 25:10 | Build | Farm |
| 25:14 | Build | Farm |
| 25:16 | Create | Villager (Male) |
| 25:16 | Create | Villager (Male) |
| 25:23 | Build | Farm |
| 25:27 | Build | Farm |
| 25:30 | Create | Villager (Male) |
| 25:31 | Create | Villager (Male) |
| 25:39 | Build | Farm |
| 25:43 | Build | Farm |
| 25:45 | Create | Villager (Male) |
| 25:46 | Create | Villager (Male) |
| 25:51 | Build | Farm |
| 26:00 | Create | Villager (Male) |
| 26:00 | Create | Villager (Male) |
| 26:10 | Build | Farm |
| 26:25 | Build | Farm |
| 26:41 | Build | Farm |
| 26:45 | Build | Farm |
| 26:51 | Build | Stable |
| 27:00 | Research | Imperial Age |
| 27:03 | Create | Villager (Male) |
| 27:03 | Create | Villager (Male) |
| 27:13 | Build | Farm |
| 27:16 | Create | Villager (Male) |
| 27:17 | Create | Villager (Male) |
| 27:25 | Build | Mill |
| 27:28 | Create | Villager (Male) |
| 27:29 | Create | Villager (Male) |
| 27:41 | Create | Knight |
| 27:42 | Create | Knight |
Build order — Mr.MoneyBoy
First 150 of 384 actions detected
| 0:01 | Create | Villager (Male) |
| 0:02 | Create | Villager (Male) |
| 0:02 | Create | Villager (Male) |
| 0:02 | Create | Villager (Male) |
| 0:02 | Create | Villager (Male) |
| 0:02 | Create | Villager (Male) |
| 0:03 | Build | House |
| 0:05 | Build | House |
| 0:39 | Build | Lumber Camp |
| 1:43 | Create | Villager (Male) |
| 1:43 | Create | Villager (Male) |
| 1:43 | Create | Villager (Male) |
| 2:10 | Create | Villager (Male) |
| 2:11 | Create | Villager (Male) |
| 2:26 | Create | Villager (Male) |
| 2:26 | Create | Villager (Male) |
| 2:57 | Create | Villager (Male) |
| 2:58 | Create | Villager (Male) |
| 3:23 | Create | Villager (Male) |
| 3:24 | Create | Villager (Male) |
| 3:24 | Create | Villager (Male) |
| 3:38 | Create | Villager (Male) |
| 3:39 | Create | Villager (Male) |
| 3:39 | Create | Villager (Male) |
| 4:03 | Research | Loom |
| 4:35 | Build | House |
| 4:35 | Build | House |
| 4:36 | Build | House |
| 5:14 | Create | Villager (Male) |
| 5:14 | Create | Villager (Male) |
| 5:14 | Create | Villager (Male) |
| 5:15 | Create | Villager (Male) |
| 5:28 | Create | Villager (Male) |
| 6:00 | Create | Villager (Male) |
| 6:20 | Create | Villager (Male) |
| 6:58 | Build | Mill |
| 7:45 | Create | Villager (Male) |
| 7:54 | Create | Villager (Male) |
| 8:07 | Create | Villager (Male) |
| 8:40 | Build | Mining Camp |
| 8:59 | Create | Villager (Male) |
| 9:02 | Create | Villager (Male) |
| 9:02 | Create | Villager (Male) |
| 10:07 | Research | Feudal Age |
| 12:17 | Create | Villager (Male) |
| 12:17 | Create | Villager (Male) |
| 12:17 | Create | Villager (Male) |
| 12:25 | Age | Feudal Age |
| 12:27 | Research | Double-Bit Axe |
| 12:29 | Research | Horse Collar |
| 12:33 | Build | Farm |
| 12:34 | Build | Farm |
| 12:36 | Build | Farm |
| 12:37 | Build | Farm |
| 12:38 | Build | Farm |
| 12:39 | Build | Farm |
| 12:40 | Build | Farm |
| 12:41 | Build | Farm |
| 12:51 | Build | Blacksmith |
| 12:58 | Build | Market |
| 13:43 | Research | Castle Age |
| 14:16 | Research | Gold Mining |
| 14:16 | Research | Stone Mining |
| 14:19 | Research | Stone Mining |
| 16:12 | Create | Villager (Male) |
| 16:23 | Age | Castle Age |
| 16:29 | Research | Wheelbarrow |
| 16:30 | Create | Villager (Male) |
| 16:33 | Build | House |
| 16:34 | Build | House |
| 16:53 | Build | Town Center |
| 16:59 | Build | Town Center |
| 17:37 | Build | Town Center |
| 17:46 | Create | Villager (Male) |
| 17:53 | Create | Villager (Male) |
| 17:56 | Create | Villager (Male) |
| 17:56 | Create | Villager (Male) |
| 17:56 | Create | Villager (Male) |
| 17:57 | Create | Villager (Male) |
| 17:57 | Create | Villager (Male) |
| 17:57 | Create | Villager (Male) |
| 17:58 | Create | Villager (Male) |
| 18:49 | Build | Monastery |
| 18:51 | Create | Villager (Male) |
| 18:57 | Create | Villager (Male) |
| 18:57 | Create | Villager (Male) |
| 18:58 | Create | Villager (Male) |
| 18:58 | Create | Villager (Male) |
| 19:02 | Create | Villager (Male) |
| 19:11 | Research | Bow Saw |
| 19:31 | Build | Lumber Camp |
| 19:43 | Build | Farm |
| 19:44 | Build | Farm |
| 19:47 | Build | Farm |
| 19:52 | Build | Farm |
| 20:05 | Build | Farm |
| 20:10 | Create | Villager (Male) |
| 20:10 | Create | Villager (Male) |
| 20:11 | Create | Villager (Male) |
| 20:11 | Create | Villager (Male) |
| 20:22 | Create | Villager (Male) |
| 20:42 | Build | Stone Wall |
| 20:46 | Build | Building 665 |
| 20:50 | Create | Monk |
| 20:58 | Build | Farm |
| 20:59 | Build | Farm |
| 21:00 | Build | Farm |
| 21:02 | Build | Farm |
| 21:03 | Build | Farm |
| 21:04 | Build | Farm |
| 21:11 | Create | Villager (Male) |
| 21:12 | Create | Villager (Male) |
| 21:12 | Create | Villager (Male) |
| 21:14 | Create | Villager (Male) |
| 21:20 | Build | Farm |
| 21:26 | Create | Villager (Male) |
| 21:33 | Create | Villager (Male) |
| 21:36 | Build | Farm |
| 21:37 | Build | Farm |
| 21:39 | Build | Farm |
| 21:40 | Build | Farm |
| 22:07 | Build | House |
| 22:08 | Build | House |
| 22:09 | Build | House |
| 22:10 | Build | House |
| 22:17 | Create | Villager (Male) |
| 22:17 | Create | Villager (Male) |
| 22:18 | Create | Villager (Male) |
| 22:18 | Create | Villager (Male) |
| 22:20 | Create | Villager (Male) |
| 22:29 | Create | Villager (Male) |
| 22:37 | Build | Lumber Camp |
| 22:53 | Create | Villager (Male) |
| 23:00 | Build | Farm |
| 23:05 | Build | Farm |
| 23:06 | Build | Farm |
| 23:07 | Build | Farm |
| 23:08 | Build | Farm |
| 23:09 | Build | Farm |
| 23:10 | Build | Farm |
| 23:11 | Build | Farm |
| 23:13 | Build | Farm |
| 23:14 | Build | Farm |
| 23:14 | Build | Farm |
| 23:19 | Create | Villager (Male) |
| 23:19 | Create | Villager (Male) |
| 23:19 | Create | Villager (Male) |
| 23:22 | Create | Villager (Male) |
| 23:22 | Create | Villager (Male) |
| 23:23 | Create | Villager (Male) |
Build order — 十香
First 150 of 475 actions detected
| 0:02 | Create | Villager (Male) |
| 0:08 | Build | House |
| 0:10 | Build | House |
| 0:40 | Create | Villager (Male) |
| 0:41 | Create | Villager (Male) |
| 0:41 | Create | Villager (Male) |
| 0:41 | Create | Villager (Male) |
| 1:53 | Create | Villager (Male) |
| 1:53 | Create | Villager (Male) |
| 2:17 | Create | Villager (Male) |
| 2:17 | Create | Villager (Male) |
| 2:34 | Create | Villager (Male) |
| 2:34 | Create | Villager (Male) |
| 2:51 | Build | Lumber Camp |
| 3:02 | Create | Villager (Male) |
| 3:03 | Create | Villager (Male) |
| 3:13 | Create | Villager (Male) |
| 3:13 | Create | Villager (Male) |
| 3:48 | Build | House |
| 3:51 | Build | House |
| 4:01 | Create | Villager (Male) |
| 4:01 | Create | Villager (Male) |
| 4:01 | Create | Villager (Male) |
| 4:02 | Create | Villager (Male) |
| 4:31 | Create | Villager (Male) |
| 4:31 | Create | Villager (Male) |
| 5:04 | Create | Villager (Male) |
| 5:04 | Create | Villager (Male) |
| 5:53 | Create | Villager (Male) |
| 6:38 | Create | Villager (Male) |
| 6:39 | Create | Villager (Male) |
| 7:16 | Build | Mill |
| 7:24 | Create | Villager (Male) |
| 8:06 | Create | Villager (Male) |
| 8:07 | Create | Villager (Male) |
| 8:55 | Build | Mill |
| 8:59 | Research | Feudal Age |
| 9:51 | Create | Villager (Male) |
| 9:58 | Build | House |
| 10:01 | Build | House |
| 10:02 | Build | House |
| 10:04 | Build | House |
| 10:06 | Build | House |
| 11:09 | Age | Feudal Age |
| 11:16 | Build | Town Center |
| 11:39 | Create | Villager (Male) |
| 11:39 | Create | Villager (Male) |
| 11:40 | Create | Villager (Male) |
| 11:47 | Research | Double-Bit Axe |
| 12:17 | Build | Blacksmith |
| 12:37 | Create | Villager (Male) |
| 12:37 | Create | Villager (Male) |
| 12:50 | Create | Villager (Male) |
| 12:50 | Create | Villager (Male) |
| 12:50 | Create | Villager (Male) |
| 13:12 | Create | Villager (Male) |
| 13:12 | Create | Villager (Male) |
| 13:35 | Build | Siege Workshop |
| 13:37 | Create | Villager (Male) |
| 13:37 | Create | Villager (Male) |
| 14:15 | Create | Villager (Male) |
| 14:26 | Build | Siege Workshop |
| 14:29 | Create | Battering Ram |
| 14:30 | Create | Battering Ram |
| 14:30 | Create | Battering Ram |
| 14:38 | Create | Villager (Male) |
| 14:41 | Create | Villager (Male) |
| 15:00 | Create | Villager (Male) |
| 15:04 | Create | Villager (Male) |
| 15:21 | Build | Market |
| 15:31 | Create | Villager (Male) |
| 15:31 | Create | Villager (Male) |
| 15:37 | Create | Battering Ram |
| 15:37 | Create | Battering Ram |
| 15:37 | Create | Battering Ram |
| 15:37 | Create | Battering Ram |
| 16:05 | Create | Villager (Male) |
| 16:24 | Build | Farm |
| 16:26 | Build | Farm |
| 16:27 | Build | Farm |
| 16:28 | Build | Farm |
| 16:47 | Create | Battering Ram ×2 |
| 16:47 | Create | Battering Ram ×2 |
| 16:47 | Create | Battering Ram ×2 |
| 16:55 | Build | Farm |
| 17:23 | Create | Battering Ram |
| 17:23 | Create | Battering Ram |
| 17:23 | Create | Battering Ram |
| 17:24 | Create | Battering Ram |
| 17:24 | Create | Battering Ram |
| 17:47 | Create | Battering Ram |
| 17:48 | Create | Battering Ram |
| 17:48 | Create | Battering Ram |
| 17:51 | Create | Villager (Male) |
| 17:51 | Create | Villager (Male) |
| 18:15 | Create | Villager (Male) |
| 18:17 | Create | Villager (Male) |
| 18:18 | Create | Villager (Male) |
| 18:24 | Build | Farm |
| 18:25 | Build | Farm |
| 18:27 | Build | Farm |
| 18:30 | Create | Battering Ram |
| 18:30 | Create | Battering Ram |
| 18:38 | Build | House |
| 18:38 | Build | House |
| 18:38 | Build | House |
| 18:39 | Build | House |
| 18:39 | Build | House |
| 18:39 | Build | House |
| 18:39 | Build | House |
| 18:40 | Build | House |
| 18:41 | Build | House |
| 18:41 | Build | House |
| 18:41 | Build | House |
| 18:48 | Create | Villager (Male) |
| 18:48 | Create | Villager (Male) |
| 19:12 | Create | Villager (Male) |
| 19:12 | Create | Villager (Male) |
| 19:16 | Create | Battering Ram |
| 19:16 | Create | Battering Ram |
| 19:16 | Create | Battering Ram |
| 19:38 | Build | Lumber Camp |
| 19:43 | Build | Lumber Camp |
| 19:46 | Create | Villager (Male) |
| 19:46 | Create | Villager (Male) |
| 19:46 | Create | Villager (Male) |
| 19:51 | Create | Battering Ram |
| 19:51 | Create | Battering Ram |
| 19:51 | Create | Battering Ram |
| 20:10 | Create | Villager (Male) |
| 20:10 | Create | Villager (Male) |
| 20:31 | Build | Farm |
| 20:32 | Build | Farm |
| 20:32 | Build | Farm |
| 20:32 | Build | Farm |
| 20:32 | Build | Farm |
| 20:32 | Build | Farm |
| 20:32 | Build | Farm |
| 20:33 | Build | Farm |
| 20:37 | Create | Villager (Male) |
| 20:38 | Create | Villager (Male) |
| 20:38 | Create | Villager (Male) |
| 20:38 | Create | Villager (Male) |
| 20:48 | Create | Battering Ram ×2 |
| 20:56 | Create | Villager (Male) |
| 20:56 | Create | Villager (Male) |
| 21:13 | Create | Battering Ram |
| 21:14 | Create | Battering Ram |
| 21:14 | Create | Battering Ram |
| 21:14 | Create | Battering Ram |
Build order — Poexs
First 150 of 251 actions detected
| 0:09 | Build | House |
| 0:10 | Build | House |
| 0:17 | Create | Villager (Male) |
| 0:19 | Research | Loom |
| 0:20 | Create | Villager (Male) |
| 0:20 | Create | Villager (Male) |
| 0:21 | Create | Villager (Male) |
| 0:21 | Create | Villager (Male) |
| 0:21 | Create | Villager (Male) |
| 4:10 | Create | Villager (Male) |
| 4:10 | Create | Villager (Male) |
| 4:10 | Create | Villager (Male) |
| 4:11 | Create | Villager (Male) |
| 4:11 | Create | Villager (Male) |
| 4:56 | Create | Villager (Male) |
| 4:56 | Create | Villager (Male) |
| 6:11 | Create | Villager (Male) |
| 6:11 | Create | Villager (Male) |
| 6:11 | Create | Villager (Male) |
| 6:11 | Create | Villager (Male) |
| 6:49 | Create | Villager (Male) |
| 6:50 | Create | Villager (Male) |
| 7:45 | Build | Lumber Camp |
| 7:52 | Create | Villager (Male) |
| 7:52 | Create | Villager (Male) |
| 7:52 | Create | Villager (Male) |
| 8:12 | Build | Palisade Wall |
| 8:44 | Build | House |
| 8:55 | Create | Villager (Male) |
| 8:55 | Create | Villager (Male) |
| 8:55 | Create | Villager (Male) |
| 8:56 | Create | Villager (Male) |
| 10:02 | Build | Mill |
| 10:34 | Build | House |
| 11:48 | Build | Mill |
| 12:00 | Research | Feudal Age |
| 14:10 | Age | Feudal Age |
| 14:13 | Create | Villager (Male) |
| 14:13 | Create | Villager (Male) |
| 14:13 | Create | Villager (Male) |
| 15:02 | Research | Double-Bit Axe |
| 15:05 | Research | Horse Collar |
| 15:12 | Build | Farm |
| 15:15 | Create | Villager (Male) |
| 15:16 | Create | Villager (Male) |
| 15:17 | Create | Villager (Male) |
| 15:18 | Create | Villager (Male) |
| 15:45 | Build | Farm |
| 16:10 | Build | Farm |
| 16:11 | Build | Farm |
| 17:03 | Create | Villager (Male) |
| 17:03 | Create | Villager (Male) |
| 17:09 | Build | House |
| 17:10 | Build | House |
| 17:45 | Build | Market |
| 18:04 | Create | Villager (Male) |
| 18:44 | Build | Blacksmith |
| 19:39 | Build | Mining Camp |
| 19:43 | Research | Castle Age |
| 20:09 | Build | Mining Camp |
| 20:30 | Build | Farm |
| 21:00 | Build | Farm |
| 21:06 | Build | Farm |
| 21:32 | Build | Farm |
| 21:51 | Build | Farm |
| 22:00 | Build | Farm |
| 22:17 | Research | Wheelbarrow |
| 22:18 | Research | Town Watch |
| 22:19 | Create | Villager (Male) |
| 22:19 | Create | Villager (Male) |
| 22:20 | Create | Villager (Male) |
| 22:23 | Age | Castle Age |
| 23:01 | Research | Bow Saw |
| 23:25 | Build | Town Center |
| 23:36 | Create | Villager (Male) |
| 23:37 | Create | Villager (Male) |
| 23:37 | Create | Villager (Male) |
| 24:09 | Create | Villager (Male) |
| 24:43 | Build | Town Center |
| 25:21 | Research | Heavy Plow |
| 25:26 | Create | Villager (Male) |
| 25:27 | Create | Villager (Male) |
| 25:27 | Create | Villager (Male) |
| 25:27 | Create | Villager (Male) |
| 25:27 | Create | Villager (Male) |
| 25:58 | Research | Stone Mining |
| 26:30 | Build | Town Center |
| 26:34 | Create | Villager (Male) |
| 26:34 | Create | Villager (Male) |
| 26:34 | Create | Villager (Male) |
| 26:34 | Create | Villager (Male) |
| 26:35 | Create | Villager (Male) |
| 27:43 | Create | Villager (Male) |
| 27:43 | Create | Villager (Male) |
| 27:44 | Create | Villager (Male) |
| 27:44 | Create | Villager (Male) |
| 27:44 | Create | Villager (Male) |
| 27:44 | Create | Villager (Male) |
| 28:45 | Create | Villager (Male) |
| 28:45 | Create | Villager (Male) |
| 28:45 | Create | Villager (Male) |
| 28:46 | Create | Villager (Male) |
| 28:46 | Create | Villager (Male) |
| 28:46 | Create | Villager (Male) |
| 29:23 | Build | Lumber Camp |
| 29:40 | Create | Villager (Male) |
| 29:40 | Create | Villager (Male) |
| 29:41 | Create | Villager (Male) |
| 29:41 | Create | Villager (Male) |
| 29:41 | Create | Villager (Male) |
| 29:41 | Create | Villager (Male) |
| 29:55 | Build | Farm |
| 29:56 | Build | Farm |
| 31:03 | Build | Castle |
| 31:23 | Create | Villager (Male) |
| 31:24 | Create | Villager (Male) |
| 33:10 | Create | Villager (Male) |
| 33:10 | Create | Villager (Male) |
| 33:10 | Create | Villager (Male) |
| 34:17 | Build | Farm |
| 34:19 | Build | Farm |
| 34:20 | Build | Farm |
| 34:39 | Create | Villager (Male) |
| 34:40 | Create | Villager (Male) |
| 35:34 | Build | Siege Workshop |
| 36:01 | Create | Villager (Male) |
| 36:01 | Create | Villager (Male) |
| 36:29 | Create | Mangonel |
| 36:41 | Create | Villager (Male) |
| 36:42 | Create | Villager (Male) |
| 38:25 | Build | Stone Wall |
| 41:11 | Build | Market |
| 43:16 | Build | Town Center |
| 44:22 | Build | Mining Camp |
| 44:30 | Create | Villager (Male) |
| 44:30 | Create | Villager (Male) |
| 44:42 | Build | Farm |
| 45:17 | Build | Town Center |
| 45:25 | Research | Stone Shaft Mining |
| 45:37 | Create | Villager (Male) |
| 45:38 | Create | Villager (Male) |
| 45:38 | Create | Villager (Male) |
| 45:38 | Create | Villager (Male) |
| 45:39 | Create | Villager (Male) |
| 46:45 | Build | Town Center |
| 46:47 | Create | Villager (Male) |
| 46:47 | Create | Villager (Male) |
| 46:48 | Create | Villager (Male) |
| 46:48 | Create | Villager (Male) |
| 47:06 | Build | House |
Build order — 叫迈耶的空军元帅
First 150 of 413 actions detected
| 0:07 | Build | House |
| 0:12 | Build | House |
| 0:13 | Create | Villager (Male) |
| 0:13 | Create | Villager (Male) |
| 0:13 | Create | Villager (Male) |
| 0:14 | Create | Villager (Male) |
| 1:41 | Create | Villager (Male) |
| 1:41 | Create | Villager (Male) |
| 1:41 | Create | Villager (Male) |
| 2:29 | Create | Villager (Male) |
| 2:29 | Create | Villager (Male) |
| 2:29 | Create | Villager (Male) |
| 2:30 | Create | Villager (Male) |
| 3:16 | Create | Villager (Male) |
| 3:16 | Create | Villager (Male) |
| 3:16 | Create | Villager (Male) |
| 3:27 | Build | Lumber Camp |
| 3:31 | Build | House |
| 3:33 | Build | House |
| 3:54 | Create | Villager (Male) |
| 3:54 | Create | Villager (Male) |
| 3:54 | Create | Villager (Male) |
| 3:55 | Create | Villager (Male) |
| 4:26 | Create | Villager (Male) |
| 4:27 | Create | Villager (Male) |
| 4:50 | Create | Villager (Male) |
| 5:16 | Create | Villager (Male) |
| 5:16 | Create | Villager (Male) |
| 5:25 | Create | Villager (Male) |
| 6:03 | Create | Villager (Male) |
| 6:15 | Create | Villager (Male) |
| 6:15 | Create | Villager (Male) |
| 6:15 | Create | Villager (Male) |
| 6:23 | Build | House |
| 6:24 | Build | House |
| 6:38 | Build | Mill |
| 6:58 | Create | Villager (Male) |
| 6:58 | Create | Villager (Male) |
| 7:14 | Create | Villager (Male) |
| 7:15 | Create | Villager (Male) |
| 7:15 | Create | Villager (Male) |
| 7:48 | Build | Mining Camp |
| 7:59 | Create | Villager (Male) |
| 9:35 | Research | Feudal Age |
| 10:53 | Build | Farm |
| 11:07 | Build | Farm |
| 11:12 | Build | Farm |
| 11:22 | Create | Villager (Male) |
| 11:31 | Build | Farm |
| 11:37 | Build | Farm |
| 11:54 | Age | Feudal Age |
| 12:09 | Build | Market |
| 12:20 | Build | Blacksmith |
| 12:25 | Create | Villager (Male) |
| 12:39 | Build | Mining Camp |
| 12:49 | Build | Mining Camp |
| 13:05 | Research | Castle Age |
| 13:30 | Research | Horse Collar |
| 13:49 | Research | Double-Bit Axe |
| 14:29 | Create | Villager (Male) |
| 14:29 | Create | Villager (Male) |
| 15:45 | Age | Castle Age |
| 15:49 | Build | Town Center |
| 15:56 | Build | Town Center |
| 16:01 | Create | Villager (Male) |
| 16:01 | Create | Villager (Male) |
| 16:01 | Create | Villager (Male) |
| 16:12 | Research | Bow Saw |
| 16:20 | Research | Heavy Plow |
| 16:39 | Create | Villager (Male) |
| 17:15 | Create | Villager (Male) |
| 17:27 | Build | Farm |
| 17:29 | Build | Farm |
| 17:35 | Research | Loom |
| 17:43 | Build | Farm |
| 17:45 | Create | Villager (Male) |
| 17:51 | Create | Villager (Male) |
| 18:14 | Build | Mill |
| 18:19 | Build | Farm |
| 18:19 | Build | Farm |
| 18:20 | Build | Farm |
| 18:22 | Build | Farm |
| 18:25 | Create | Villager (Male) |
| 18:29 | Create | Villager (Male) |
| 18:36 | Build | Mill |
| 18:38 | Build | Farm |
| 18:40 | Create | Villager (Male) |
| 18:43 | Create | Villager (Male) |
| 19:01 | Build | Town Center |
| 19:05 | Create | Villager (Male) |
| 19:11 | Build | Farm |
| 19:19 | Create | Villager (Male) |
| 19:21 | Create | Villager (Male) |
| 19:28 | Build | Farm |
| 19:30 | Create | Villager (Male) |
| 19:45 | Create | Villager (Male) |
| 19:46 | Create | Villager (Male) |
| 19:51 | Build | Farm |
| 19:54 | Create | Villager (Male) |
| 19:57 | Create | Villager (Male) |
| 20:01 | Build | Farm |
| 20:03 | Create | Villager (Male) |
| 20:06 | Create | Villager (Male) |
| 20:06 | Create | Villager (Male) |
| 20:13 | Create | Villager (Male) |
| 20:17 | Build | Farm |
| 20:28 | Build | Monastery |
| 20:31 | Build | University |
| 20:37 | Create | Villager (Male) |
| 20:41 | Build | Farm |
| 20:47 | Create | Villager (Male) |
| 20:48 | Create | Villager (Male) |
| 20:48 | Create | Villager (Male) |
| 20:50 | Create | Villager (Male) |
| 20:51 | Create | Villager (Male) |
| 20:53 | Create | Villager (Male) |
| 20:53 | Create | Villager (Male) |
| 21:00 | Build | Farm |
| 21:01 | Build | Farm |
| 21:05 | Create | Villager (Male) |
| 21:25 | Build | Mill |
| 21:30 | Build | Farm |
| 21:31 | Build | Farm |
| 21:33 | Create | Villager (Male) |
| 21:42 | Build | Farm |
| 21:50 | Create | Villager (Male) |
| 21:50 | Create | Villager (Male) |
| 21:52 | Build | Farm |
| 21:54 | Create | Villager (Male) |
| 21:54 | Create | Villager (Male) |
| 22:04 | Build | Farm |
| 22:06 | Create | Villager (Male) |
| 22:07 | Create | Villager (Male) |
| 22:10 | Create | Monk |
| 22:22 | Build | Farm |
| 22:26 | Build | Farm |
| 22:34 | Build | Farm |
| 22:37 | Create | Villager (Male) |
| 22:39 | Create | Villager (Male) |
| 22:44 | Build | Farm |
| 22:48 | Create | Villager (Male) |
| 22:50 | Create | Villager (Male) |
| 22:50 | Create | Villager (Male) |
| 22:57 | Research | Wheelbarrow |
| 22:57 | Create | Villager (Male) |
| 23:03 | Research | Stone Mining |
| 23:26 | Build | House |
| 23:28 | Build | House |
| 23:29 | Build | House |
| 23:35 | Create | Villager (Male) |
Match timeline
| 0:47 | Siki · wall_segment Palisade Wall x7 |
| 0:57 | Manquito al ataque · wall_segment Palisade Wall x10 |
| 0:59 | Siki · wall_segment Palisade Wall x9 |
| 1:48 | Manquito al ataque · wall_segment Palisade Wall x3 |
| 2:01 | Manquito al ataque · wall_segment Palisade Wall x8 |
| 2:05 | Manquito al ataque · wall_segment Palisade Wall x3 |
| 2:22 | Manquito al ataque · wall_segment Palisade Wall x1 |
| 2:24 | Manquito al ataque · wall_segment Palisade Wall x1 |
| 2:30 | Manquito al ataque · wall_segment Palisade Wall x2 |
| 2:47 | Manquito al ataque · wall_segment Palisade Wall x4 |
| 2:58 | Manquito al ataque · wall_segment Palisade Wall x1 |
| 3:02 | Manquito al ataque · wall_segment Palisade Wall x3 |
| 3:05 | Manquito al ataque · wall_segment Palisade Wall x1 |
| 3:06 | Manquito al ataque · wall_segment Palisade Wall x1 |
| 3:15 | Manquito al ataque · wall_segment Palisade Wall x2 |
| 3:20 | Manquito al ataque · wall_segment Palisade Wall x1 |
| 3:22 | Manquito al ataque · wall_segment Palisade Wall x1 |
| 5:17 | Manquito al ataque · wall_segment Palisade Wall x1 |
| 5:33 | Manquito al ataque · wall_segment Palisade Wall x3 |
| 6:50 | Manquito al ataque · wall_segment Palisade Wall x3 |
| 7:28 | Manquito al ataque · wall_segment Palisade Wall x3 |
| 8:12 | Poexs · wall_segment Palisade Wall x10 |
| 10:26 | 渊海溯汀流 · first_building Barracks |
| 11:09 | 十香 · age_up feudal |
| 11:20 | 渊海溯汀流 · age_up feudal |
| 11:39 | Siki · age_up feudal |
| 11:54 | 叫迈耶的空军元帅 · age_up feudal |
| 12:07 | 韓國瑜 · age_up feudal |
| 12:25 | Mr.MoneyBoy · age_up feudal |
| 13:03 | 渊海溯汀流 · first_market_buy 100 food |
| 13:35 | 十香 · first_building Siege Workshop |
| 14:10 | Poexs · age_up feudal |
| 14:12 | Manquito al ataque · age_up feudal |
| 14:49 | Manquito al ataque · wall_segment Stone Wall x3 |
| 14:52 | Manquito al ataque · wall_segment Stone Wall x9 |
| 14:56 | Manquito al ataque · wall_segment Stone Wall x2 |
| 15:25 | Siki · wall_segment Stone Wall x14 |
| 15:45 | 叫迈耶的空军元帅 · age_up castle |
| 16:01 | 十香 · tribute_sent a jugador 1 |
| 16:01 | 十香 · tribute_sent a jugador 2 |
| 16:01 | 十香 · tribute_sent a jugador 3 |
| 16:01 | 十香 · tribute_sent a jugador 4 |
| 16:01 | 十香 · tribute_sent a jugador 6 |
| 16:01 | 十香 · tribute_sent a jugador 7 |
| 16:01 | 十香 · tribute_sent a jugador 8 |
| 16:23 | Mr.MoneyBoy · age_up castle |
| 16:38 | 十香 · first_market_sell 100 stone |
| 16:43 | 十香 · first_market_buy 100 wood |
| 16:49 | Manquito al ataque · wall_segment Stone Wall x1 |
| 17:01 | 韓國瑜 · first_building Barracks |
| 17:04 | Mr.MoneyBoy · first_market_buy 100 stone |
| 17:06 | Siki · age_up castle |
| 17:33 | Siki · first_building Monastery |
| 17:49 | Manquito al ataque · age_up castle |
| 18:02 | 渊海溯汀流 · tribute_sent a jugador 1 |
| 18:02 | 渊海溯汀流 · tribute_sent a jugador 2 |
| 18:02 | 渊海溯汀流 · tribute_sent a jugador 3 |
| 18:02 | 渊海溯汀流 · tribute_sent a jugador 4 |
| 18:02 | 渊海溯汀流 · tribute_sent a jugador 5 |
| 18:02 | 渊海溯汀流 · tribute_sent a jugador 6 |
| 18:02 | 渊海溯汀流 · tribute_sent a jugador 8 |
| 18:12 | 渊海溯汀流 · tribute_sent a jugador 1 |
| 18:12 | 渊海溯汀流 · tribute_sent a jugador 2 |
| 18:12 | 渊海溯汀流 · tribute_sent a jugador 3 |
| 18:12 | 渊海溯汀流 · tribute_sent a jugador 4 |
| 18:12 | 渊海溯汀流 · tribute_sent a jugador 5 |
| 18:12 | 渊海溯汀流 · tribute_sent a jugador 6 |
| 18:12 | 渊海溯汀流 · tribute_sent a jugador 8 |
| 18:49 | Mr.MoneyBoy · first_building Monastery |
| 19:02 | 渊海溯汀流 · first_market_sell 100 food |
| 19:04 | 十香 · tribute_sent a jugador 1 |
| 19:04 | 十香 · tribute_sent a jugador 2 |
| 19:04 | 十香 · tribute_sent a jugador 3 |
| 19:04 | 十香 · tribute_sent a jugador 4 |
| 19:04 | 十香 · tribute_sent a jugador 6 |
| 19:04 | 十香 · tribute_sent a jugador 7 |
| 19:04 | 十香 · tribute_sent a jugador 8 |
| 19:12 | Poexs · first_market_sell 100 wood |
| 19:17 | 渊海溯汀流 · age_up castle |
| 19:20 | 渊海溯汀流 · first_building Castle |
| 19:24 | 韓國瑜 · age_up castle |
| 19:38 | Manquito al ataque · first_building Castle |
| 19:46 | 韓國瑜 · first_building Castle |
| 20:28 | 叫迈耶的空军元帅 · first_building Monastery |
| 20:42 | Mr.MoneyBoy · wall_segment Stone Wall x11 |
| 21:13 | Siki · wall_segment Stone Wall x9 |
| 21:33 | Siki · first_building Castle |
| 21:38 | 韓國瑜 · first_building Monastery |
| 21:58 | 渊海溯汀流 · tribute_sent a jugador 1 |
| 21:58 | 渊海溯汀流 · tribute_sent a jugador 2 |
| 21:58 | 渊海溯汀流 · tribute_sent a jugador 3 |
| 21:58 | 渊海溯汀流 · tribute_sent a jugador 4 |
| 21:58 | 渊海溯汀流 · tribute_sent a jugador 5 |
| 21:58 | 渊海溯汀流 · tribute_sent a jugador 6 |
| 21:58 | 渊海溯汀流 · tribute_sent a jugador 8 |
| 22:23 | Poexs · age_up castle |
| 22:27 | 十香 · tribute_sent a jugador 1 |
| 22:27 | 十香 · tribute_sent a jugador 2 |
| 22:27 | 十香 · tribute_sent a jugador 3 |
| 22:27 | 十香 · tribute_sent a jugador 4 |
| 22:27 | 十香 · tribute_sent a jugador 6 |
| 22:27 | 十香 · tribute_sent a jugador 7 |
| 22:27 | 十香 · tribute_sent a jugador 8 |
| 23:34 | Mr.MoneyBoy · first_building Siege Workshop |
| 23:40 | Mr.MoneyBoy · first_building Barracks |
| 23:48 | Manquito al ataque · first_market_buy 100 food |
| 24:06 | Manquito al ataque · first_building Monastery |
| 24:14 | Siki · wall_segment Stone Wall x11 |
| 24:27 | Siki · first_building Siege Workshop |
| 24:41 | 韓國瑜 · first_building Stable |
| 24:51 | 叫迈耶的空军元帅 · first_building Castle |
| 24:59 | 叫迈耶的空军元帅 · first_building Barracks |
| 25:50 | 叫迈耶的空军元帅 · first_building Stable |
| 25:52 | Mr.MoneyBoy · first_building Stable |
| 26:08 | Poexs · first_market_buy 100 wood |
| 26:12 | Mr.MoneyBoy · first_building Castle |
| 26:46 | Mr.MoneyBoy · first_building Archery Range |
| 26:55 | 韓國瑜 · first_market_buy 100 food |
| 27:05 | 十香 · tribute_sent a jugador 1 |
| 27:05 | 十香 · tribute_sent a jugador 2 |
| 27:05 | 十香 · tribute_sent a jugador 3 |
| 27:05 | 十香 · tribute_sent a jugador 4 |
| 27:05 | 十香 · tribute_sent a jugador 6 |
| 27:05 | 十香 · tribute_sent a jugador 7 |
| 27:05 | 十香 · tribute_sent a jugador 8 |
| 27:06 | Siki · wall_segment Stone Wall x14 |
| 27:52 | 韓國瑜 · first_building Siege Workshop |
| 28:38 | 叫迈耶的空军元帅 · age_up imperial |
| 28:47 | Manquito al ataque · wall_segment Stone Wall x14 |
| 29:26 | 叫迈耶的空军元帅 · first_building Siege Workshop |
| 29:38 | Mr.MoneyBoy · first_market_sell 500 wood |
| 30:05 | Manquito al ataque · wall_segment Stone Wall x11 |
| 30:10 | 韓國瑜 · age_up imperial |
| 31:03 | Poexs · first_building Castle |
| 31:19 | Siki · first_building Barracks |
| 32:11 | Siki · first_market_buy 100 stone |
| 33:41 | 渊海溯汀流 · age_up imperial |
| 33:57 | Mr.MoneyBoy · age_up imperial |
| 34:03 | Manquito al ataque · wall_segment Stone Wall x3 |
| 35:02 | 十香 · age_up castle |
| 35:34 | Poexs · first_building Siege Workshop |
| 36:35 | 十香 · tribute_sent a jugador 1 |
| 36:35 | 十香 · tribute_sent a jugador 2 |
| 36:35 | 十香 · tribute_sent a jugador 3 |
| 36:35 | 十香 · tribute_sent a jugador 4 |
| 36:35 | 十香 · tribute_sent a jugador 6 |
| 36:35 | 十香 · tribute_sent a jugador 7 |
| 36:35 | 十香 · tribute_sent a jugador 8 |
| 37:01 | Manquito al ataque · first_building Siege Workshop |
| 37:50 | 十香 · first_building Barracks |
| 38:25 | Poexs · wall_segment Stone Wall x6 |
| 38:33 | Siki · first_building Archery Range |
| 39:42 | Manquito al ataque · age_up imperial |
| 39:58 | 渊海溯汀流 · tribute_sent a jugador 1 |
| 39:58 | 渊海溯汀流 · tribute_sent a jugador 2 |
| 39:58 | 渊海溯汀流 · tribute_sent a jugador 3 |
| 39:58 | 渊海溯汀流 · tribute_sent a jugador 4 |
| 39:58 | 渊海溯汀流 · tribute_sent a jugador 5 |
| 39:58 | 渊海溯汀流 · tribute_sent a jugador 6 |
| 39:58 | 渊海溯汀流 · tribute_sent a jugador 8 |
| 39:59 | Manquito al ataque · wall_segment Stone Wall x4 |
| 40:04 | 十香 · first_building Monastery |
| 40:20 | 韓國瑜 · first_market_sell 100 wood |
| 41:09 | 渊海溯汀流 · first_building Stable |
| 42:54 | 十香 · first_building Stable |
| 43:30 | Siki · wall_segment Stone Wall x6 |
| 43:59 | 渊海溯汀流 · tribute_sent a jugador 1 |
| 43:59 | 渊海溯汀流 · tribute_sent a jugador 2 |
| 43:59 | 渊海溯汀流 · tribute_sent a jugador 3 |
| 43:59 | 渊海溯汀流 · tribute_sent a jugador 4 |
| 43:59 | 渊海溯汀流 · tribute_sent a jugador 5 |
| 43:59 | 渊海溯汀流 · tribute_sent a jugador 6 |
| 43:59 | 渊海溯汀流 · tribute_sent a jugador 8 |
| 44:34 | 十香 · first_building Castle |
| 44:37 | Mr.MoneyBoy · tribute_sent a jugador 1 |
| 44:37 | Mr.MoneyBoy · tribute_sent a jugador 2 |
| 44:37 | Mr.MoneyBoy · tribute_sent a jugador 3 |
| 44:37 | Mr.MoneyBoy · tribute_sent a jugador 5 |
| 44:37 | Mr.MoneyBoy · tribute_sent a jugador 6 |
| 44:37 | Mr.MoneyBoy · tribute_sent a jugador 7 |
| 44:37 | Mr.MoneyBoy · tribute_sent a jugador 8 |
| 45:14 | 渊海溯汀流 · tribute_sent a jugador 1 |
| 45:14 | 渊海溯汀流 · tribute_sent a jugador 2 |
| 45:14 | 渊海溯汀流 · tribute_sent a jugador 3 |
| 45:14 | 渊海溯汀流 · tribute_sent a jugador 4 |
| 45:14 | 渊海溯汀流 · tribute_sent a jugador 5 |
| 45:14 | 渊海溯汀流 · tribute_sent a jugador 6 |
| 45:14 | 渊海溯汀流 · tribute_sent a jugador 8 |
| 45:35 | 十香 · age_up imperial |
| 46:24 | 十香 · tribute_sent a jugador 1 |
| 46:24 | 十香 · tribute_sent a jugador 2 |
| 46:24 | 十香 · tribute_sent a jugador 3 |
| 46:24 | 十香 · tribute_sent a jugador 4 |
| 46:24 | 十香 · tribute_sent a jugador 6 |
| 46:24 | 十香 · tribute_sent a jugador 7 |
| 46:24 | 十香 · tribute_sent a jugador 8 |
| 47:42 | Siki · first_market_sell 100 food |
| 48:04 | Siki · age_up imperial |
| 48:32 | 叫迈耶的空军元帅 · first_building Archery Range |
| 48:38 | Manquito al ataque · first_market_sell 100 wood |
| 50:06 | Manquito al ataque · resign |
| 51:17 | Poexs · age_up imperial |
| 52:00 | Poexs · first_building Barracks |
| 58:04 | Poexs · first_building Stable |
[ AI ANALYSIS · 1 CREDIT ]
What really happened in this match?
Wolo.gg analyzes every decision: build order, eco, micro, common mistakes by bracket. Personalized analysis on WhatsApp or Discord in 30 seconds.
Civ guide
Teutons
Perfil
Jugador #21136720